 Dungeon Crawl Stone Soup version 0.21-a0-537-gd2fb950b4b (webtiles) character file.

11674 meguca the Bludgeoner (level 11, -1/151 HPs)
             Began as a Minotaur Berserker on Dec 15, 2017.
             Was a High Priest of Trog.
             Slain by a blink frog (8 damage)
             ... on level 3 of the Lair of Beasts.
             The game lasted 00:24:13 (10400 turns).

meguca the Bludgeoner (Minotaur Berserker)         Turns: 10400, Time: 00:24:13

Health: -1/151     AC: 25    Str: 22 (24) XL:     11   Next: 52%
Magic:  10/10      EV:  2    Int:  6 (9)  God:    Trog [*****.]
Gold:   607        SH:  0    Dex: 10 (13) Spells: 10/10 levels left

rFire    . . .     SeeInvis .   E - +4 flail (freeze) (curse)
rCold    . . .     Gourm    .   (no shield)
rNeg     + + +     Faith    .   (armour currently unavailable)
rPois    +         Spirit   .   (helmet currently unavailable)
rElec    .         Reflect  .   (cloak currently unavailable)
rCorr    .         Harm     .   (gloves currently unavailable)
MR       .....     NoTele   +   (boots currently unavailable)
Stlth    +.........             (no amulet)
HPRegen  0.35/turn              (no ring)
MPRegen  0.12/turn              s - +2 ring of strength

@: brilliant, tree-form, berserk cooldown, slowed, very slow
A: (retaliatory headbutt)
a: Berserk, Trog's Hand, Brothers in Arms, Burn Spellbooks, Renounce Religion


You were on level 3 of the Lair of Beasts.
You worshipped Trog.
Trog was extremely pleased with you.
You were near starving.
You were a tree.
You visited 2 branches of the dungeon, and saw 11 of its levels.

You collected 607 gold pieces.

Inventory:

Hand Weapons
 y - the +4 longbow of Sulphur {venom, Int+3, unknown}
   (You found it on level 2 of the Lair of Beasts)

   It poisons the ammo it fires.
   It affects your intelligence (+3).
 E - a cursed +4 flail of freezing (weapon)
Armour
 w - a scarf of resistance (melded)
 C - a +0 plate armour (melded)
 N - a +2 scale mail of fire resistance
Magical Staves
 B - an uncursed staff of death {unknown}
Jewellery
 s - a +2 ring of strength (right branch)
 L - a cursed amulet of inaccuracy {unknown}
Wands
 d - a wand of polymorph (26)
 o - a wand of disintegration (19)
 F - a wand of digging (20)
 H - a wand of flame (29)
 J - a wand of random effects (22)
 M - a wand of iceblast (7)
Scrolls
 a - a scroll of fog {unknown}
 b - 3 scrolls of enchant armour
 i - 2 scrolls of random uselessness {unknown}
 p - a scroll of fear {unknown}
 r - 10 scrolls of identify
 t - 3 scrolls of teleportation {unknown}
 u - a scroll of magic mapping {unknown}
 v - 4 scrolls of remove curse
 D - a scroll of vulnerability {unknown}
 G - 2 scrolls of blinking
 I - a scroll of enchant weapon
Potions
 e - a potion of degeneration
 f - a potion of brilliance
 g - a potion of agility
 h - 2 potions of lignification
 j - 2 potions of heal wounds {unknown}
 l - a potion of ambrosia {unknown}
 m - 3 potions of haste {unknown}
 x - 3 potions of invisibility {unknown}
 z - a potion of flight {unknown}
 A - 2 potions of berserk rage {unknown}
 K - 2 potions of curing {unknown}
 O - a potion of resistance {unknown}
Comestibles
 c - 7 bread rations
 k - 6 fruits
 n - 2 royal jellies
 q - 2 meat rations


   Skills:
 * Level 10.4 Fighting
 + Level 15.4 Maces & Flails
 + Level 9.4 Armour
 + Level 7.1 Dodging


You had 10 spell levels left.
You didn't know any spells.

Dungeon Overview and Level Annotations

Branches:
Dungeon (8/15)             Temple (0/1) D:7            Lair (3/6) D:8
  Snake (0/4) Lair:2
  Swamp: Lair:2-4    Shoals: Lair:2-4

Altars:
Ashenzari
Cheibriados
Dithmenos
Elyvilon
Hepliaklqana
Kikubaaqudgha
Nemelex Xobeh
Okawaru
Qazlal
Sif Muna
Uskayaw
Wu Jian
Zin
Beogh


Innate Abilities, Weirdness & Mutations

((You reflexively headbutt those who attack you in melee.))
((You have a pair of horns on your head.))


Message History

You miss the blink frog.
The blink frog is lightly wounded.
The blink frog hits you.
* * * LOW HITPOINT WARNING * * *
The blink frog hits you but does no damage.
You miss the blink frog.
The blink frog is lightly wounded.
The blink frog hits you.
* * * LOW HITPOINT WARNING * * *
The blink frog blinks!
Things that are here:
a basilisk corpse; a blink frog corpse You feel clever all of a sudden.
It was a potion of lignification.
You turn into a tree.
Your scarf of resistance melds into your body.
Your +0 plate armour melds into your body.
You feel hot and cold all over.
Your roots penetrate the ground.
The blink frog hits you but does no damage. x2
The blink frog hits you!
You die...

... .....#........#.
...
###.####...#.###+###
.P
...##.....###......
## #......#.#.#.....#
#.........#.....#.
..#...⌠...+.#.⌠...
#.................
##..#####.#.....#
#.#.....#♣#....
#.###.#.#F###+# #
##....# .. .........
##...#.....#.......
#....#⌠.<.⌠#......#
##...#............#
#....#..⌠.##......###
##....#.........#..#.
# ###
#...............#...


You could see a blink frog.

Vanquished Creatures
  A hydra (Lair:3)
  A two-headed ogre (D:7)
  An oklob plant (Lair:1)
  2 elephants (Lair:2)
  A spiny frog (Lair:1)
  2 rime drakes
  A komodo dragon (D:8)
  2 trolls
  A polar bear (Lair:2)
  Grinder (D:3)
  5 hippogriffs
  6 blink frogs
  The ghost of NihilVerum the Grave Robber, an amateur OgNe of Yredelemnul (D:4)
  4 yaks (Lair:1)
  A basilisk (Lair:3)
  5 nagas (Lair:2)
  A water moccasin (Lair:2)
  4 porcupines
  An orc warrior (D:7)
  2 sky beasts
  2 ogres
  A phantom (D:4)
  A black bear (Lair:2)
  2 centaurs
  4 crocodiles
  8 bullfrogs
  3 scorpions (D:4)
  4 wights (D:7)
  3 howler monkeys (D:7)
  2 crimson imps (D:5)
  A bullfrog zombie (D:6)
  3 hounds
  4 jellies (Lair:1)
  2 orc priests
  A centaur skeleton (D:8)
  Jessica (D:3)
  Ijyb (D:3)
  4 orc wizards
  2 iguanas
  4 worker ants
  A killer bee zombie (D:8)
  A hound zombie (D:6)
  A hound skeleton (D:5)
  2 worker ant zombies (D:6)
  A howler monkey zombie (D:7)
  3 gnolls (D:2)
  9 adders
  3 shadow imps
  14 oozes (Lair:1)
  2 worms
  A dart slug (D:1)
  2 leopard geckos (D:3)
  30 orcs
  2 ball pythons
  8 bats
  13 giant cockroaches
  6 goblins
  3 hobgoblins
  2 jackals (D:7)
  7 kobolds
  3 quokkas
  A ball python skeleton (D:5)
  5 frilled lizards
  2 quokka skeletons (D:5)
  7 rats
  2 plants (D:8)
227 creatures vanquished.

Vanquished Creatures (collateral kills)
  2 blink frogs (Lair:1)
  An orc warrior (D:7)
  An orc priest (D:7)
  2 orc wizards (D:7)
  6 orcs (D:7)
12 creatures vanquished.

Vanquished Creatures (others)
  5 fungi (Lair:1)
  A plant (D:8)
6 creatures vanquished.

Grand Total: 245 creatures vanquished

Notes
Turn   | Place    | Note
-------+----------+-------------------------------------------
     0 | D:1      | meguca the Minotaur Berserker began the quest for the Orb.
     0 | D:1      | Reached XP level 1. HP: 19/19 MP: 0/0
    97 | D:1      | Reached skill level 4 in Maces & Flails
   186 | D:1      | Reached XP level 2. HP: 27/27 MP: 1/1
   982 | D:2      | Reached XP level 3. HP: 32/33 MP: 2/2
  1006 | D:2      | Reached ** piety under Trog
  1112 | D:2      | Reached skill level 5 in Maces & Flails
  1300 | D:2      | Reached XP level 4. HP: 29/41 MP: 3/3
  1800 | D:3      | Noticed Grinder
  1809 | D:3      | Killed Grinder
  1809 | D:3      | Reached skill level 5 in Fighting
  1809 | D:3      | Reached skill level 6 in Maces & Flails
  1809 | D:3      | Reached XP level 5. HP: 33/48 MP: 4/4
  1809 | D:3      | Reached XP level 6. HP: 39/56 MP: 5/5
  2098 | D:3      | Noticed Jessica
  2104 | D:3      | Killed Jessica
  2285 | D:3      | Found a shadowy altar of Dithmenos.
  2303 | D:3      | Reached skill level 7 in Maces & Flails
  2336 | D:3      | Noticed Ijyb
  2345 | D:3      | Killed Ijyb
  2757 | D:4      | Found a white marble altar of Elyvilon.
  3002 | D:4      | Reached XP level 7. HP: 53/62 MP: 6/6
  3094 | D:4      | Found a sand-covered staircase.
  3212 | D:4      | Reached skill level 8 in Maces & Flails
  3212 | D:4      | Reached skill level 5 in Armour
  3518 | D:4      | Noticed NihilVerum's ghost (amateur OgNe)
  3528 | D:4      | Killed NihilVerum's ghost
  3528 | D:4      | Reached *** piety under Trog
  3640 | D:5      | Entered Level 5 of the Dungeon
  3756 | D:5      | Reached skill level 9 in Maces & Flails
  3756 | D:5      | Reached XP level 8. HP: 43/71 MP: 7/7
  4024 | D:5      | Reached skill level 10 in Maces & Flails
  4027 | D:5      | Found a stormy altar of Qazlal.
  4394 | D:6      | Found an ornate altar of the Wu Jian Council.
  4396 | D:6      | Found an iron altar of Okawaru.
  4404 | D:6      | Found a hide-covered altar of Uskayaw.
  4408 | D:6      | Found a glowing silver altar of Zin.
  4408 | D:6      | Found a deep blue altar of Sif Muna.
  4409 | D:6      | Found a snail-covered altar of Cheibriados.
  4462 | D:6      | Found a shattered altar of Ashenzari.
  4650 | D:6      | Reached **** piety under Trog
  4834 | D:6      | Reached skill level 11 in Maces & Flails
  5150 | D:7      | Found a transporter.
  5195 | D:7      | Found a roughly hewn altar of Beogh.
  5196 | D:7      | Noticed a troll
  5198 | D:7      | Noticed a two-headed ogre
  5206 | D:7      | Reached skill level 12 in Maces & Flails
  5207 | D:7      | Killed a troll
  5207 | D:7      | Reached XP level 9. HP: 57/78 MP: 8/8
  5217 | D:7      | Killed a two-headed ogre
  5217 | D:7      | Reached skill level 13 in Maces & Flails
  5255 | D:7      | Identified the Papyrus of Stones and Attacks
  5304 | D:7      | Found a transporter.
  5750 | D:7      | Reached skill level 14 in Maces & Flails
  6192 | D:7      | Found a staircase to the Ecumenical Temple.
  6573 | D:8      | Found a sparkling altar of Nemelex Xobeh.
  6714 | D:8      | Noticed a troll
  6724 | D:8      | Killed a troll
  6724 | D:8      | Reached XP level 10. HP: 72/86 MP: 9/9
  6956 | D:8      | Found a staircase to the Lair.
  7309 | Lair:1   | Entered Level 1 of the Lair of Beasts
  7415 | Lair:1   | Found a labyrinth entrance.
  7694 | Lair:1   | Noticed a spiny frog
  7700 | Lair:1   | Killed a spiny frog
  7787 | Lair:1   | Reached skill level 5 in Dodging
  8124 | Lair:1   | Noticed an oklob plant
  8174 | Lair:1   | Killed an oklob plant
  8566 | Lair:2   | Found an ancient bone altar of Kikubaaqudgha.
  8659 | Lair:2   | Reached ***** piety under Trog
  8659 | Lair:2   | Reached skill level 15 in Maces & Flails
  8674 | Lair:2   | Reached XP level 11. HP: 65/97 MP: 10/10
  8955 | Lair:2   | Got a dazzling longbow
  9023 | Lair:2   | Found a staircase to the Snake Pit.
  9653 | Lair:2   | Found a hazy altar of Hepliaklqana.
 10046 | Lair:3   | Noticed a seven-headed hydra
 10055 | Lair:3   | Killed a seven-headed hydra
 10055 | Lair:3   | Reached skill level 10 in Fighting
 10397 | Lair:3   | HP: 4/101 [blink frog (5)]
 10400 | Lair:3   | Slain by a blink frog

Vault maps used:
D:1:      dpeg_arrival_subterranean_lakeside_camping
D:3:      first_bread, st_stairs_2, nicolae_dithmenos_through_a_glass_darkly,
          uniq_grinder, uniq_ijyb, uniq_jessica
D:4:      elyvilon_altar_4, nicolae_ossuary_entry_ruins, kennysheep_dice
D:5:      nicolae_qazlal_eye_of_the_storm
D:6:      old_standard_altar, grunt_temple_overflow_open, serial_bayou_pond_d,
          moated_statue
D:7:      gammafunk_beogh_shrine, minmay_temple_entry_statues_fountains
D:8:      david_lair_shrubbed, basic_altar
Lair:1:   lemuel_slime, lab_entry_generic, grunt_megastairs_5
Lair:2:   wad_woods_stonehenge, minmay_snake_entry_guardpost_medium, basic_altar
Lair:3:   grunt_megastairs_1, infiniplex_staircase_pool_2, uniq_fannar

Skill      XL: |  1  2  3  4  5  6  7  8  9 10 11 |
---------------+----------------------------------+-----
Maces & Flails | 4 5 6 7 9 12 14 15 | 15.4
Fighting       | 4 5 6 7 9 10 | 10.4
Armour         | 4 5 6 8 9 |  9.4
Dodging        | 3 6 7 |  7.1

Action                   |  1- 3 |  4- 6 |  7- 9 | 10-12 || total
-------------------------+-------+-------+-------+-------++-------
Melee: Mace              |    99 |   123 |   196 |       ||   418
       Headbutt          |    16 |    19 |    55 |    59 ||   149
       Flail             |       |       |    70 |   224 ||   294
Invok: Berserk           |       |     5 |     4 |     5 ||    14
       Burn Spellbooks   |       |       |     2 |     3 ||     5
       Brothers in Arms  |       |       |     2 |     1 ||     3
       Trog's Hand       |       |       |     1 |       ||     1
  Use: Scroll            |       |     6 |     2 |       ||     8
       Potion            |       |       |       |     3 ||     3
  Eat: Chunk             |     1 |     5 |    13 |     6 ||    25
       Bread ration      |       |     1 |     1 |     2 ||     4
       Fruit             |       |     1 |       |       ||     1
Armor: Chain mail        |    68 |    58 |    82 |       ||   208
       Plate armour      |       |       |    49 |    81 ||   130
       Skin              |       |       |       |     2 ||     2
Dodge: Dodged            |    61 |    50 |   115 |    83 ||   309

Table legend:
 A = Spawn XP
 B = Non-spawn XP
 C = Spawn XP percentage of total XP
 D = Spawn monster count
 E = Non-spawn monster count
 F = Spawn count percentage of total count
 G = Total turns spent on level
                    A         B        C        D         E        F      G
               +---------+---------+-------+---------+---------+-------+---------
         Total |       0 |   16678 |   0.0 |       0 |     237 |   0.0 | 10400
               +---------+---------+-------+---------+---------+-------+---------
           D:1 |       0 |      33 |   0.0 |       0 |      20 |   0.0 |   853
           D:2 |       0 |     100 |   0.0 |       0 |      22 |   0.0 |   947
           D:3 |       0 |     541 |   0.0 |       0 |      30 |   0.0 |   947
           D:4 |       0 |     615 |   0.0 |       0 |      10 |   0.0 |   893
           D:5 |       0 |     487 |   0.0 |       0 |      20 |   0.0 |   624
           D:6 |       0 |     481 |   0.0 |       0 |      19 |   0.0 |   870
           D:7 |       0 |    2789 |   0.0 |       0 |      42 |   0.0 |  1324
           D:8 |       0 |    1015 |   0.0 |       0 |      13 |   0.0 |   851
        Lair:1 |       0 |    3557 |   0.0 |       0 |      30 |   0.0 |  1257
        Lair:2 |       0 |    4109 |   0.0 |       0 |      21 |   0.0 |  1353
        Lair:3 |       0 |    2951 |   0.0 |       0 |      10 |   0.0 |   481
               +---------+---------+-------+---------+---------+-------+---------
